AoeStats
← Erickinio

Arena

508024773Analyzed
3v3 RM · 12d ago on Sep 20, 2026· 40m 1s· 6 players
Game mode
Random Map
Map size
Normal (6 player)
Population
200
Speed
Normal
Resources
Standard
Victory
Conquest
Starting age
Dark Age
Ending age
Imperial Age
RankedLock teamsTeams togetherTeam positionsShared explorationLock speedFull tech treeHidden civsTurbo modeCheats
Victory
Defeat
🇨🇿 Armenians · Czechia
872
+15
🇳🇱 Vietnamese · Netherlands
793
+18
783
+20
🇮🇹 Khmer · Italy
853
-18
🇫🇮 Turks · Finland
852
-18
🇦🇷 Celts · Argentina
828
-17
Erickinio
11:50 Feudal Age
10:31 Loom
12:40 Double-Bit Axe
17:10 Castle Age
14:59 Man-at-Arms
16:19 Scale Mail Armor
17:41 Forging
18:05 Long Swordsman
25:40 Gambesons
26:35 Wheelbarrow
27:48 Arson
28:32 Gold Mining
28:33 Treadmill Crane
30:19 Iron Casting
31:39 Chain Mail Armor
34:44 Masonry
35:19 Stronghold
39:10 Imperial Age
36:57 Hand Cart
37:16 Pikeman
39:36 Crossbowman
39:37 Elite Skirmisher
39:49 Two-Handed Swordsman
hansufin
10:11 Feudal Age
15:12 Castle Age
14:00 Horse Collar
14:16 Double-Bit Axe
18:11 Horse Collar
19:39 Loom
25:26 Bow Saw
Dardiburg
Bobby Brad Phill Johnson Mcguire
11:21 Feudal Age
12:06 Arson
12:28 Double-Bit Axe
12:25 Horse Collar
12:55 Man-at-Arms
22:38 Castle Age
21:59 Scale Mail Armor
22:09 Forging
22:13 Gold Mining
22:14 Stone Mining
23:42 Long Swordsman
24:08 Gambesons
24:55 Chain Mail Armor
25:16 Iron Casting
24:58 Heavy Plow
25:37 Stone Shaft Mining
25:40 Gold Shaft Mining
26:06 Bow Saw
27:55 Wheelbarrow
COUNT48
12:58 Feudal Age
14:07 Double-Bit Axe
14:18 Gold Mining
15:05 Horse Collar
22:01 Castle Age
19:57 Man-at-Arms
20:55 Forging
21:27 Scale Mail Armor
20:51 Long Swordsman
21:19 Arson
22:49 Heavy Plow
23:27 Wheelbarrow
23:33 Gold Shaft Mining
23:39 Caravan
23:47 Gambesons
23:26 Two-Handed Swordsman
24:09 Squires
24:37 Bow Saw
29:49 Chain Mail Armor
30:10 Iron Casting
29:45 Champion
Houfnice Hero
0:30 Loom
12:33 Feudal Age
13:55 Wheelbarrow
13:14 Double-Bit Axe
13:21 Stone Mining
13:18 Horse Collar
13:33 Gold Mining
15:55 Stone Mining
24:37 Castle Age
22:48 Fletching
27:01 Heavy Plow
27:13 Bow Saw
27:21 Thumb Ring
34:17 Town Watch
35:04 Caravan
38:17 Elite Skirmisher
39:37 Hand Cart
40:02 Padded Archer Armor
40:22 Bodkin Arrow
Connection lost

Rejoining the realm…

Still unreachable

The connection could not be restored.

Session expired

The server has moved on; the page needs a fresh start.